 Dungeon Crawl Stone Soup version 0.20.0-1-g1cb1d84 (webtiles) character file.

54672 anfisbena the Fencer (level 14, 0/136 HPs)
             Began as a Tengu Berserker on May 26, 2017.
             Was the Champion of Trog.
             Killed from afar by a thorn hunter (38 damage)
             ... with a volley of thorns
             ... on level 2 of the Swamp.
             The game lasted 00:35:20 (24430 turns).

anfisbena the Fencer (Tengu Berserker)             Turns: 24430, Time: 00:35:20

Health: 0/136      AC: 28    Str: 25    XL:     14   Next: 73%
Magic:  15/15      EV: 24    Int:  8    God:    Trog [******]
Gold:   1633       SH:  0    Dex: 26    Spells: 13/13 levels left

rFire    + . .     SeeInvis +   a - +9 triple sword of Trog's Wrath {drain, rElec rPois Str+3 Dex+3}
rCold    + . .     Gourm    .   (shield currently unavailable)
rNeg     . . .     Faith    .   D - +6 chain mail of Tidotili {rC+ Dex+4}
rPois    +         Spirit   .   (helmet restricted)
rElec    +         Reflect  .   g - +2 cloak {rF+}
rCorr    .         Harm     .   M - +0 pair of gloves
MR       +....                  (boots unavailable)
Stlth    ..........             W - amulet of regeneration
Regen    0.8/turn               I - +5 ring of protection
MPRegen  0.2/turn               N - ring of see invisible

@: berserking, flying quickly and evasively, very quick
A: beak, talons 3, able to fly 2
a: Stop Flying, Berserk, Trog's Hand, Brothers in Arms, Burn Spellbooks,
Renounce Religion


You were on level 2 of the Swamp.
You worshipped Trog.
Trog was exalted by your worship.
You were hungry.

You visited 3 branches of the dungeon, and saw 19 of its levels.
You also visited: Volcano.

You collected 1889 gold pieces.
You spent 256 gold pieces at shops.

Inventory:

Hand Weapons
 a - the +9 triple sword of Trog's Wrath (weapon) {drain, rElec rPois Str+3 Dex+3}
   (Trog gifted it to you on level 2 of the Lair of Beasts)

   A truly terrible weapon, it drains the life of those it strikes.
   It affects your strength (+3).
   It affects your dexterity (+3).
   It insulates you from electricity.
   It protects you from poison.
 b - a +1 longbow of flaming
Missiles
 R - 67 arrows
Armour
 g - a +2 cloak of fire resistance (worn)
 D - the +6 chain mail of Tidotili (worn) {rC+ Dex+4}
   (You bought it in a shop on level 6 of the Dungeon)

   It affects your dexterity (+4).
   It protects you from cold.
 M - a +0 pair of gloves (worn)
Jewellery
 I - a +5 ring of protection (left hand)
 N - a ring of see invisible (right hand)
 W - an amulet of regeneration (around neck)
Wands
 i - a wand of random effects (28/48)
 j - a wand of flame (27/48)
 x - a wand of disintegration (6/24)
Scrolls
 f - 4 scrolls of enchant armour
 h - a scroll of torment {unknown}
 k - 16 scrolls of remove curse
 q - 8 scrolls of teleportation
 u - 3 scrolls of fear
 y - 9 scrolls of recharging
 F - a scroll of blinking {unknown}
 H - 2 scrolls of immolation
 K - a scroll of brand weapon {unknown}
 L - 4 scrolls of fog
 Q - a scroll of vulnerability {unknown}
 T - 2 scrolls of magic mapping
 U - a scroll of enchant weapon
Potions
 e - 3 potions of berserk rage
 l - 6 potions of brilliance
 m - 5 potions of curing
 n - a potion of degeneration {unknown}
 o - 6 potions of heal wounds
 p - 4 potions of agility
 s - 5 potions of lignification
 z - 2 potions of cancellation {unknown}
 A - 6 potions of haste {unknown}
 B - 5 potions of magic
 C - 6 potions of mutation
 E - a potion of might {unknown}
 G - 4 potions of invisibility {unknown}
Comestibles
 c - 15 bread rations
 d - 8 meat rations
 Z - 2 royal jellies


   Skills:
 + Level 11.9 Fighting
 + Level 16.1 Long Blades
 + Level 12.8 Armour
 + Level 13.1 Dodging


You had 13 spell levels left.
You didn't know any spells.

Dungeon Overview and Level Annotations

Branches:
Dungeon (11/15)            Temple (0/1) D:6            Lair (6/6) D:8
  Swamp (2/4) Lair:3        Snake (0/4) Lair:2        Slime (0/5) Lair:5
    Orc (0/2) D:10

Altars:
Ashenzari
Cheibriados
Dithmenos
Elyvilon
Hepliaklqana
Kikubaaqudgha
Makhleb
Okawaru
Qazlal
Sif Muna
Trog
Uskayaw
Yredelemnul
Zin
The Shining One
Jiyva

Shops:
D:6 [

Annotations:
Lair:5 exclusion: oklob plant


Innate Abilities, Weirdness & Mutations

You have a beak for a mouth.
You have claws for feet.
You can fly continuously.


Message History

You feel a strong urge to attack something.
The briar patch crumbles away.
The thorn hunter fires a volley of thorns at you.
The volley of thorns hits you!
* * * LOW HITPOINT WARNING * * *
You slash the thorn hunter! You claw the thorn hunter.
You peck the thorn hunter!
The thorn hunter is moderately damaged.
The thorn hunter closely misses you.
You riposte.
You slash the thorn hunter! Your kick misses the thorn hunter.
You peck the thorn hunter.
The thorn hunter is moderately damaged.
The thorn hunter hits you.
* * * LOW HITPOINT WARNING * * *
You slice the thorn hunter!!
You claw the thorn hunter, but do no damage.
You peck the thorn hunter, but do no damage.
The thorn hunter is severely damaged.
The thorn hunter fires a volley of thorns at you.
The volley of thorns hits you!
You die...

♣.≈.≈ ♣.P♣♣
♣....♣♣♣.≈PP♣♣♣
♣♣...♣..≈≈≈.PP♣≈
♣...♣.≈≈≈≈≈≈PP≈♣
..≈.≈≈≈≈≈≈PP♣ ♣.
≈PPP≈≈≈≈PP♣≈ ♣.≈≈
♣PP≈≈≈≈PP≈.
♣...♣♣♣.....PP♣
♣..≈≈f@P..≈≈PP♣
♣≈♣♣.P.P.≈≈≈≈P♣♣♣♣
♣PP.P.≈≈≈≈PP≈.♣
♣♣♣.≈....§PP...
♣...≈.≈≈≈P.≈
♣♣♣..≈≈≈PP≈ ♣
♣..≈≈≈≈♣♣ ♣♣
♣♣♣♣♣♣♣.....P♣ ♣.
♣§..≈♣...≈..P♣♣ ♣≈


You could see a thorn hunter.

Vanquished Creatures
  The ghost of Frank the Basher, a journeyman GrFi of the Shining One (Lair:3)
  9 hydras
  2 alligators (Swamp:2)
  2 two-headed ogres
  3 death yaks (D:8)
  A sun demon (Volcano)
  A swamp dragon (Swamp:1)
  An unseen horror (D:11)
  Pikel (D:6)
  2 ugly things
  An orc sorcerer (Volcano)
  Joseph (D:7)
  3 black mambas
  A molten gargoyle (Volcano)
  17 spiny frogs
  3 gargoyles
  A kobold demonologist (D:11)
  The ghost of Feta the Blocker, a novice FoFi of the Shining One (D:5)
  3 rime drakes
  12 komodo dragons
  9 polar bears
  2 tyrant leeches (Swamp:1)
  7 blink frogs
  3 bog bodies
  Grinder (D:3)
  3 slime creatures (Swamp:2)
  Prince Ribbit (D:6)
  4 hornets
  5 hippogriffs
  3 dream sheep (Lair:6)
  2 shadows
  14 spriggans
  Sigmund (D:6)
  2 fire bats (Volcano)
  31 yaks
  4 basilisks
  4 wyverns
  3 vampire mosquitoes (Swamp:2)
  A hungry ghost (D:8)
  Edmund (D:6)
  6 insubstantial wisps (Swamp:2)
  5 swamp worms
  8 water moccasins
  2 nagas (Lair:2)
  An acid dragon (D:11)
  A soldier ant (D:10)
  3 hell hounds (Volcano)
  6 porcupines
  12 black bears
  2 orc warriors
  2 ice beasts
  4 swamp drakes
  A phantom (D:7)
  5 boggarts (Lair:6)
  6 ogres
  18 wolves (Lair:6)
  9 crocodiles
  11 bullfrogs
  4 big kobolds
  2 scorpions
  5 wights
  3 howler monkeys
  A crimson imp (D:11)
  6 lava snakes (Volcano)
  5 hounds
  5 jellies
  A quasit (D:5)
  Crazy Yiuf (D:3)
  3 orc priests
  2 bullfrog skeletons
  A gnoll shaman (D:8)
  3 iguanas
  5 orc wizards
  A centaur skeleton (D:8)
  Ijyb (D:3)
  Natasha (thrice) (D:2)
  6 worker ants
  3 worker ant zombies
  7 gnolls
  9 adders
  4 shadow imps
  An ooze (D:3)
  3 adder zombies
  2 adder skeletons (D:7)
  3 worms
  A dart slug (D:3)
  6 leopard geckos
  36 orcs
  A bat (D:3)
  3 giant cockroaches
  14 goblins
  18 hobgoblins
  20 jackals
  4 quokkas
  A ball python (D:3)
  A ball python skeleton (D:6)
  5 frilled lizards
  27 kobolds
  A leopard gecko skeleton (D:4)
  11 rats
508 creatures vanquished.

Vanquished Creatures (collateral kills)
  Nessos (Lair:5)
  Urug (Lair:5)
  A crocodile (Lair:5)
3 creatures vanquished.

Vanquished Creatures (others)
  2 slaves (D:6)
  A centaur (D:6)
  A shadow imp (D:6)
  A leopard gecko (D:6)
  2 briar patches (Swamp:2)
  10 fungi
  5 plants (Lair:6)
22 creatures vanquished.

Grand Total: 533 creatures vanquished

Notes
Turn   | Place    | Note
-------+----------+-------------------------------------------
     0 | D:1      | anfisbena the Tengu Berserker began the quest for the Orb.
     0 | D:1      | Reached XP level 1. HP: 14/14 MP: 2/2
   418 | D:1      | Reached XP level 2. HP: 19/19 MP: 3/3
  1029 | D:2      | Found a shattered altar of Ashenzari.
  1034 | D:2      | Noticed Natasha
  1038 | D:2      | Killed Natasha
  1038 | D:2      | Reached skill level 4 in Long Blades
  1038 | D:2      | Reached XP level 3. HP: 19/24 MP: 4/4
  1269 | D:2      | Noticed Natasha
  1275 | D:2      | Killed Natasha
  1275 | D:2      | Reached XP level 4. HP: 12/29 MP: 4/5
  1766 | D:2      | Noticed Natasha
  1771 | D:2      | Killed Natasha
  1816 | D:2      | Reached ** piety under Trog
  2013 | D:2      | Gained mutation: You can fly. [Tengu growth]
  2013 | D:2      | Reached XP level 5. HP: 34/34 MP: 6/6
  2588 | D:3      | Noticed Grinder
  2589 | D:3      | Paralysed by Grinder for 7 turns
  2604 | D:3      | Killed Grinder
  2604 | D:3      | Reached skill level 5 in Fighting
  2604 | D:3      | Reached skill level 5 in Long Blades
  2604 | D:3      | Reached XP level 6. HP: 27/40 MP: 7/7
  3089 | D:3      | Noticed Ijyb
  3104 | D:3      | Paralysed by Ijyb for 4 turns
  3119 | D:3      | Paralysed by Ijyb for 2 turns
  3121 | D:3      | Killed Ijyb
  3121 | D:3      | Reached skill level 6 in Long Blades
  3304 | D:3      | Found a runed door.
  3647 | D:3      | Found a snail-covered altar of Cheibriados.
  3655 | D:3      | Reached XP level 7. HP: 46/46 MP: 8/8
  4233 | D:3      | Noticed Crazy Yiuf
  4237 | D:3      | Killed Crazy Yiuf
  4319 | D:4      | Reached skill level 7 in Long Blades
  4320 | D:4      | Reached *** piety under Trog
  4598 | D:4      | Found a bloodstained altar of Trog.
  5002 | D:5      | Entered Level 5 of the Dungeon
  5247 | D:5      | Reached XP level 8. HP: 53/53 MP: 9/9
  5406 | D:5      | Found a glowing golden altar of the Shining One.
  5490 | D:5      | Noticed Feta's ghost (novice FoFi)
  5511 | D:5      | Killed Feta's ghost
  5511 | D:5      | Reached skill level 8 in Long Blades
  6056 | D:6      | Noticed Sigmund
  6069 | D:6      | Killed Sigmund
  6069 | D:6      | Reached skill level 9 in Long Blades
  6151 | D:6      | Reached XP level 9. HP: 60/60 MP: 10/10
  6158 | D:6      | Found a staircase to the Ecumenical Temple.
  6168 | D:6      | Noticed Pikel
  6182 | D:6      | Noticed Edmund
  6198 | D:6      | Killed Pikel
  6229 | D:6      | Found a hazy altar of Hepliaklqana.
  6243 | D:6      | Killed Edmund
  6243 | D:6      | Reached skill level 10 in Long Blades
  6580 | D:6      | Noticed Prince Ribbit
  6595 | D:6      | Killed Prince Ribbit
  6595 | D:6      | Reached **** piety under Trog
  6849 | D:6      | Found Agecee's Antique Armour Shop.
  6931 | D:6      | Bought a twisted chain mail for 256 gold pieces
  6941 | D:6      | Identified the +6 chain mail of Tidotili {rC+ Dex+4} (You bought it in a shop on level 6 of the Dungeon)
  7236 | D:6      | Found a deep blue altar of Sif Muna.
  7324 | D:6      | Found a basalt altar of Yredelemnul.
  7331 | D:6      | Found a stormy altar of Qazlal.
  7331 | D:6      | Found a hide-covered altar of Uskayaw.
  7331 | D:6      | Found an ancient bone altar of Kikubaaqudgha.
  7763 | D:7      | Found a burning altar of Makhleb.
  7763 | D:7      | Noticed a blizzard demon
  7764 | D:7      | Found a glowing silver altar of Zin.
  7764 | D:7      | Noticed an angel
  7983 | D:7      | Noticed Joseph
  7992 | D:7      | Killed Joseph
  7992 | D:7      | Reached skill level 10 in Fighting
  7992 | D:7      | Reached skill level 11 in Long Blades
  8153 | D:7      | Found a sand-covered staircase.
  8239 | D:7      | Reached XP level 10. HP: 31/68 MP: 11/11
  8701 | D:8      | Noticed a two-headed ogre
  8703 | D:8      | Noticed a death yak
  8727 | D:7      | Killed a two-headed ogre
  9197 | D:8      | Noticed a two-headed ogre
  9204 | D:8      | Killed a two-headed ogre
  9204 | D:8      | Reached skill level 5 in Dodging
  9365 | D:8      | Found a staircase to the Lair.
  9365 | D:8      | Noticed a death yak
  9401 | D:8      | Killed a death yak
  9401 | D:8      | Reached skill level 12 in Long Blades
  9401 | D:8      | Reached skill level 5 in Armour
  9412 | D:8      | Reached ***** piety under Trog
  9459 | D:8      | Found a white marble altar of Elyvilon.
  9764 | D:8      | Noticed a death yak
  9793 | D:8      | Killed a death yak
  9793 | D:8      | Reached XP level 11. HP: 58/72 MP: 8/12
  9797 | D:8      | Killed a death yak
 10989 | D:10     | Entered Level 10 of the Dungeon
 11013 | D:10     | Found a shadowy altar of Dithmenos.
 11925 | D:10     | Found a staircase to the Orcish Mines.
 12356 | D:11     | Noticed a brown ugly thing
 12361 | D:11     | Killed a brown ugly thing
 12413 | D:11     | Found a labyrinth entrance.
 12558 | D:11     | Received a gift from Trog
 12790 | D:11     | Reached skill level 13 in Long Blades
 12983 | D:11     | Killed an unseen horror
 13649 | Lair:1   | Entered Level 1 of the Lair of Beasts
 13660 | Lair:1   | Found an iron altar of Okawaru.
 13869 | Lair:1   | Reached XP level 12. HP: 16/77 MP: 10/13
 15524 | Lair:2   | Reached skill level 10 in Dodging
 15742 | Lair:2   | Reached skill level 14 in Long Blades
 16007 | Lair:2   | Found a staircase to the Snake Pit.
 16010 | Lair:2   | Received a gift from Trog
 16019 | Lair:2   | Got a scorched triple sword {god gift}
 16020 | Lair:2   | Identified the +9 triple sword of Trog's Wrath {drain, rElec rPois Str+3 Dex+3} (Trog gifted it to you on level 2 of the Lair of Beasts)
 16386 | Lair:2   | Noticed a seven-headed hydra
 16393 | Lair:2   | Killed a nine-headed hydra
 16623 | Lair:2   | Reached skill level 10 in Armour
 17095 | Lair:3   | Found a staircase to the Swamp.
 17147 | Lair:3   | Found a dark tunnel.
 17156 | Volcano  | Entered a volcano
 17738 | Volcano  | Found a radiant altar of Vehumet.
 17738 | Volcano  | Noticed a sun demon
 17745 | Volcano  | Killed a sun demon
 17751 | Volcano  | Reached XP level 13. HP: 82/82 MP: 14/14
 18258 | Lair:3   | Noticed Frank's ghost (journeyman GrFi)
 18264 | Lair:3   | Killed Frank's ghost
 18688 | Lair:3   | Identified the Grimoire of the Shifting Rocks
 19720 | Lair:4   | Reached skill level 15 in Long Blades
 20202 | Lair:5   | Found a viscous altar of Jiyva.
 20205 | Lair:5   | Found a staircase to the Slime Pits.
 20214 | Lair:5   | Noticed Urug
 20221 | Lair:5   | Noticed Nessos
 20231 | Lair:5   | Killed Urug
 20239 | Lair:5   | Killed Nessos
 21424 | Lair:6   | Entered Level 6 of the Lair of Beasts
 21800 | Lair:6   | Gained mutation: You can fly continuously. [Tengu growth]
 21800 | Lair:6   | Reached XP level 14. HP: 68/90 MP: 15/15
 21805 | Lair:6   | Received a gift from Trog
 23142 | Swamp:1  | Entered Level 1 of the Swamp
 23982 | Swamp:2  | Reached skill level 16 in Long Blades
 24109 | Swamp:2  | Received a gift from Trog
 24154 | Swamp:2  | Reached ****** piety under Trog
 24417 | Swamp:2  | Noticed a thorn hunter
 24430 | Swamp:2  | Killed from afar by a thorn hunter

Skill      XL: |  1  2  3  4  5  6  7  8  9 10 11 12 13 14 |
---------------+-------------------------------------------+-----
Long Blades    | 4 5 6 7 9 11 12 13 14 15 16 | 16.1
Fighting       | 4 5 6 7 8 10 11 | 11.9
Dodging        | 6 8 10 12 13 | 13.1
Armour         | 6 8 10 11 12 | 12.8

Action                   |  1- 3 |  4- 6 |  7- 9 | 10-12 | 13-15 || total
-------------------------+-------+-------+-------+-------+-------++-------
Melee: Falchion          |    48 |   121 |   329 |    11 |       ||   509
       Kick              |    17 |    42 |   143 |   248 |   235 ||   685
       Peck              |     7 |    34 |    91 |   139 |   155 ||   426
       Great sword       |       |       |       |   422 |       ||   422
       Triple sword      |       |       |       |    54 |   353 ||   407
       Quick blade       |       |       |       |       |    17 ||    17
Invok: Berserk           |     2 |     3 |    16 |    13 |     3 ||    37
       Burn Spellbooks   |       |       |       |     1 |     1 ||     2
       Trog's Hand       |       |       |       |       |     1 ||     1
       Brothers in Arms  |       |       |       |       |     1 ||     1
 Abil: Fly               |       |       |     8 |     8 |     2 ||    18
  Use: Scroll            |       |     5 |     2 |     5 |     8 ||    20
       Potion            |       |     1 |     2 |       |     1 ||     4
 Stab: Sleeping          |     1 |     4 |     1 |       |       ||     6
       Distracted        |       |     1 |       |       |     1 ||     2
  Eat: Chunk             |     2 |    11 |    30 |    33 |    18 ||    94
       Royal jelly       |       |       |     1 |     2 |     1 ||     4
       Meat ration       |       |       |       |     1 |     1 ||     2
Armor: Animal skin       |     6 |     5 |       |       |       ||    11
       Scale mail        |       |    15 |       |       |       ||    15
       Leather armour    |       |     5 |    15 |       |       ||    20
       Chain mail        |       |       |   193 |   283 |   215 ||   691
Dodge: Dodged            |    15 |    71 |   142 |   344 |   465 ||  1037
       Rpst.: Falchion   |     4 |    24 |    37 |     2 |       ||    67
       Great sword       |       |       |       |    65 |       ||    65
       Triple sword      |       |       |       |    15 |   116 ||   131
